woodfighter, chaotic female orcish Cavewoman ---- |%.| -- |.)--- ---.^..........| --..............-- ....>..............%...|--.- --...... --.|....)[-|..<| -...? ----...%.--.--- . --- ---...%%.-- |....)..|. --.....).. .----.... |).... --.... .@.. .u. h woodfighter the Young Cave Woman Experience level: 8 Strength: 18/04 Dexterity: 13 Constitution: 17 Intelligence: 9 Wisdom: 10 Charisma: 7 Health: 0(56) Energy: 29(29) Def: 6 Gold: 0 Moves: 4804 Dungeon seed: xKlzAyqU7J7rKaSg Game ID: woodfighter_1475445143 Your Inventory: Weapons a - a +1 club (weapon in hand) o - 3 +0 dwarvish spears (in quiver) Armor e - an uncursed +0 dwarvish cloak n - an uncursed +1 dwarvish cloak J - a blessed +3 pair of iron shoes (being worn) N - an uncursed rusty +0 dwarvish iron helm (being worn) Y - an uncursed +0 dwarvish cloak (being worn) Comestibles d - 2 uncursed bananas H - 2 uncursed food rations Z - an uncursed lizard corpse Wands I - a wand of lightning (0:5) Tools p - an uncursed stethoscope s - an uncursed bag of holding y - an uncursed credit card Contents of the bag of holding: 197 gold pieces an uncursed food ration an uncursed oilskin sack an uncursed [+0] pick-axe Spells and supernatural/magical abilities: Name Level Category Fail Memory W - pray for help -- divine ? -- Your skills at the end: Miscellaneous Skills bare handed combat [Basic] Weapon Skills scimitar [Basic] club [Basic] sling [Basic] Spellcasting Skills Final Attributes: You were piously aligned. You were cold resistant. You were poison resistant. Your writing hand was a little cramped from use. You had infravision. You were very stealthy. You were fast. You are dead. Vanquished creatures: 2 dwarf kings an ochre jelly 2 wolves a leprechaun a lizard 2 giant spiders a horse 2 gnome kings a yeti a gold golem a dog a dingo 2 dwarf lords 2 water nymphs a rope golem a yellow light 3 wood nymphs an orc shaman a shrieker 13 gnome lords 7 gnomish wizards a guardian naga hatchling 2 gray oozes 2 elf zombies a puppy 14 dwarves a kobold lord 4 rothes a giant bat 9 monkeys 10 killer bees 2 gas spores 3 hobbits an acid blob 2 large kobolds 52 gnomes 2 garter snakes 4 jackals 2 foxes 3 newts 2 sewer rats 7 grid bugs a lichen 173 creatures vanquished. Voluntary challenges: You did not cause conflict. You were not invisible. You did not have reflection. You used a wielded weapon 318 times, starting on turn 53. You did not apply a unicorn horn. You did not use plumbed fixtures. You did not drink any magical draughts. You read items or engraved 3 times, starting on turn 2255. You never genocided any monsters. You never polymorphed an object. You changed form 1 time, starting on turn 3712. You used no wishes. You never split a pudding. You never wrote Elbereth's name. You never violated your personal moral code. Dungeon overview: The Dungeons of Doom: levels 1 to 3 Level 1 some fountains a long staircase Level 2 a fountain stairs to The Gnomish Mines Level 3 The Gnomish Mines: levels 3 to 9 Level 3 stairs to The Dungeons of Doom Level 4 Level 5 many shops, a temple to Ishtar, a magic chest, some fountains, a sink Level 6 Level 7 Level 8 Level 9 <- You were here History has recorded: On T:1 you entered the Dungeons of Doom to retrieve the Amulet of Yendor! On T:287 you reached level 2 of The Dungeons of Doom. On T:470 you reached level 3 of The Dungeons of Doom. On T:531 you reached level 1 of The Gnomish Mines. On T:854 you advanced to experience level 2. On T:936 you advanced to experience level 3. On T:951 you reached level 2 of The Gnomish Mines. On T:1078 you advanced to experience level 4. On T:1129 you advanced to experience level 5. On T:1176 you reached level 3 of The Gnomish Mines. On T:1492 you prayed to Anshar. On T:1726 you advanced to experience level 6. On T:2136 you entered the Minetown temple On T:2169 you opened a magic chest. On T:2394 you advanced to experience level 7. On T:2986 you reached level 4 of The Gnomish Mines. On T:3007 you reached level 5 of The Gnomish Mines. On T:3399 you advanced to experience level 8. On T:3562 you reached level 6 of The Gnomish Mines. On T:3651 you reached level 7 of The Gnomish Mines. On T:4691 you prayed to Anshar. Score breakdown: Gold: 197 ( 19 points) Experience: 8 levels ( 700 points) Exploration: 9 levels ( 240 points) Discoveries: 17 items ( 850 points) Variety of kills: 43 monsters ( 2000 points) Major goal: reached Minetown ( 500 points) Survival: died (score multiplied by 3) Total score: 12927 Latest messages: There are a few more objects here. You feel agile! You must have been working on your reflexes. You feel tough! You must be leading a healthy life-style. This dwarf corpse tastes terrible! You move more freely. You finish eating the dwarf corpse. You stop exploring. The white unicorn misses. (2x) You hit the white unicorn! The white unicorn butts! The white unicorn kicks! The white unicorn butts! The white unicorn kicks! You hit the white unicorn! The white unicorn just misses! The white unicorn misses. The white unicorn butts! The white unicorn kicks! You hit the white unicorn! The white unicorn butts! The white unicorn kicks! You die... The oilskin sack is empty. The oilskin sack is empty. Final status: Goodbye woodfighter the Cavewoman, killed by a white unicorn... You died in The Gnomish Mines on dungeon level 9 with 12927 points, and 197 pieces of gold, after 4804 moves. You were level 8 with a maximum of 56 hit points when you died.